 Dungeon Crawl Stone Soup version 0.19.1 (webtiles) character file.

1260 sveltemanboy the Summoner (level 8, -2/57 HPs)
             Began as a Red Draconian Summoner on Dec 27, 2016.
             Was an Initiate of Ashenzari.
             Slain by an orc warrior
             ... wielding a +2 war axe of freezing
              (12 damage)
             ... on level 5 of the Dungeon.
             The game lasted 00:14:46 (6039 turns).

sveltemanboy the Summoner (Red Draconian Summoner)  Turns: 6039, Time: 00:14:47

Health: -2/57      AC:  7    Str: 10    XL:     8   Next: 27%
Magic:  1/11       EV: 12    Int: 18    God:    Ashenzari [......]
Gold:   229        SH:  0    Dex: 12    Spells: 3 memorised, 5 levels left

rFire  + + .     SeeInvis .     n - +0 halberd (curse)
rCold  . . .     Gourm    .     (armour unavailable)
rNeg   . . .     Faith    .     (shield currently unavailable)
rPois  .         Spirit   .     (helmet restricted)
rElec  .         Reflect  .     x - +0 cloak
rCorr  .         Harm     .     (no gloves)
MR     .....                    (no boots)
Stlth  ++........               (no amulet)
                                m - ring of fire
                                u - ring of protection from cold (curse)

@: no status effects
A: breathe fire, unfitting armour, fire resistance 1, cold-blooded, AC +6
a: Breathe Fire, Curse Item, Renounce Religion


You were on level 5 of the Dungeon.
You worshipped Ashenzari.
Ashenzari was noncommittal.
You were not hungry.

You visited 2 branches of the dungeon, and saw 7 of its levels.

You collected 242 gold pieces.
You spent 13 gold pieces at shops.

Inventory:

Hand Weapons
 n - a cursed +0 halberd (weapon)
Armour
 x - a +0 cloak (worn)
Jewellery
 m - a ring of fire (right hand)
 u - a cursed ring of protection from cold (left hand)
Wands
 j - a wand of acid (14/15)
Scrolls
 c - 4 scrolls of teleportation
 d - 2 scrolls of identify
 i - a scroll of enchant weapon {unknown}
 q - a scroll of enchant armour {unknown}
 r - a scroll of amnesia
Potions
 e - a potion of invisibility
 f - 3 potions of agility {unknown}
 h - a potion of flight {unknown}
 l - 3 potions of heal wounds {unknown}
 s - a potion of curing {unknown}
 t - a potion of mutation {unknown}
 v - a potion of ambrosia {unknown}
 w - a potion of lignification {unknown}
Books
 a - a book of Callings

   Spells                             Type                      Level
   a - Summon Small Mammal            Summoning                    1
   b - Call Imp                       Summoning                    2
   c - Call Canine Familiar           Summoning                    3
   d - Summon Guardian Golem          Hexes/Summoning              3
   e - Summon Lightning Spire         Summoning/Air                4
   f - Summon Ice Beast               Ice/Summoning                4
Comestibles
 b - 5 bread rations
 g - 2 meat rations
 k - 2 fruits
 o - 2 slices of pizza
 p - 6 chunks of flesh


   Skills:
 + Level 6.2 Polearms
 - Level 1.7 Dodging
 - Level 1.7 Stealth
 - Level 2.0 Spellcasting
 + Level 8.7 Summonings


You had 5 spell levels left.
You knew the following spells:

 Your Spells              Type           Power        Failure   Level  Hunger
a - Summon Small Mammal   Summ           ####         1%          1    #......
b - Call Imp              Summ           ####....     1%          2    ###....
c - Call Canine Familiar  Summ           ####....     1%          3    ###....


Dungeon Overview and Level Annotations

Branches:
Dungeon (6/15)             Temple (1/1) D:5

Altars:
Ashenzari
Cheibriados
Dithmenos
Elyvilon
Gozag
Kikubaaqudgha
Qazlal
Ru
Uskayaw
Vehumet
Zin
The Shining One

Shops:
D:4 }=   D:5 ?


Innate Abilities, Weirdness & Mutations

You can breathe blasts of fire.
Your fiery red scales are hard. (AC +6)
You cannot fit into any form of body armour.
Your flesh is heat resistant. (rF+)
You are cold-blooded and may be slowed by cold attacks.


Message History

The orc warrior hits you with a war axe of freezing!
The orc warrior freezes you!
The orc warrior hits your white imp with a war axe of freezing!
The orc warrior freezes your white imp.
Your white imp dies!
The orc warrior hits your crimson imp with a war axe of freezing!
The orc warrior freezes your crimson imp.
Your crimson imp dies!
The orc warrior hits you with a war axe of freezing!
* * * LOW HITPOINT WARNING * * *
The orc warrior freezes you.
* * * LOW HITPOINT WARNING * * *
You climb upwards.
There is a stone staircase leading down here.
Unknown command.
Casting: Call Imp
Confirm with . or Enter, or press ? or * to list all spells.
A beastly little devil appears in a puff of flame.
The orc warrior hits you with a war axe of freezing!
You die...

.......#.....#.#......##.#
#.
.......####..#.#......##.#
#.
.......#.....#.[†.....##.#
##
......##.##..###....).##.#
####.........# ####.####.#
#........>######.# #.#
###...#........5##.# #.#
#........######o##.####.#
#........# #@##.>....#
#........######.#########
#........#......#
#####.####.###..# #.#....#
#..# #.#.######..#
#...........#
###.#######.##
#.#........#


You could see an orc warrior and a friendly crimson imp.

Vanquished Creatures
  The ghost of Britaniac the Basher, a novice GrFi of Okawaru (D:5)
  An ice beast (D:5)
  A phantom (D:5)
  A hound (D:6)
  An orc priest (D:3)
  A centaur skeleton (D:4)
  2 worker ants (D:4)
  A killer bee zombie (D:6)
  3 gnolls
  3 adders
  A shadow imp (D:5)
  A worm (D:4)
  3 leopard geckos
  An orc (D:3)
  A ball python (D:2)
  2 giant cockroaches
  6 goblins
  3 hobgoblins (D:2)
  2 jackals (D:4)
  A quokka (D:5)
  6 bats
  2 frilled lizards
  9 kobolds
  4 rats
57 creatures vanquished.

Vanquished Creatures (collateral kills)
  Eustachio (D:4)
  An ice beast (D:5)
  A sky beast (D:5)
  A phantom (D:4)
  An ogre (D:4)
  2 scorpions (D:4)
  A howler monkey (D:5)
  A bullfrog zombie (D:5)
  An orc wizard (D:5)
  2 hounds
  A bullfrog skeleton (D:4)
  A centaur skeleton (D:5)
  2 worker ants (D:5)
  2 hound skeletons
  8 gnolls
  4 adders
  An ooze (D:1)
  5 worms
  A dart slug (D:1)
  4 leopard geckos
  6 orcs
  4 goblins
  2 hobgoblins
  4 jackals
  2 kobolds (D:2)
  A quokka (D:2)
  2 ball pythons (D:1)
  A ball python zombie (D:5)
  7 frilled lizards (D:2)
  A rat (D:1)
71 creatures vanquished.

Grand Total: 128 creatures vanquished

Notes
Turn   | Place    | Note
-------+----------+-------------------------------------------
     0 | D:1      | sveltemanboy the Draconian Summoner began the quest for the Orb.
     0 | D:1      | Reached XP level 1. HP: 14/14 MP: 3/3
   338 | D:1      | Reached XP level 2. HP: 16/20 MP: 1/5
   378 | D:1      | Learned a level 2 spell: Call Imp
  1402 | D:2      | Reached skill level 5 in Summonings
  1402 | D:2      | Reached XP level 3. HP: 22/26 MP: 1/6
  1635 | D:2      | Learned a level 3 spell: Call Canine Familiar
  1699 | D:2      | Reached XP level 4. HP: 22/33 MP: 1/7
  2284 | D:2      | Reached skill level 6 in Summonings
  2762 | D:3      | Reached skill level 1 in Polearms
  2771 | D:3      | Reached XP level 5. HP: 35/38 MP: 1/8
  2934 | D:3      | Found a faded altar of an unknown god.
  3374 | D:4      | Noticed a phantom
  3415 | D:4      | Killed a phantom
  3660 | D:4      | Reached XP level 6. HP: 45/45 MP: 2/9
  3867 | D:4      | Noticed Eustachio
  3869 | D:4      | Reached skill level 7 in Summonings
  3879 | D:4      | Killed Eustachio
  4132 | D:4      | Found Lianasule's Gadget Emporium.
  4229 | D:4      | Your scales start taking on a fiery red colour.
  4229 | D:4      | Reached XP level 7. HP: 46/50 MP: 10/10
  4229 | D:4      | Gained mutation: Your flesh is heat resistant. (rF+) [Red Draconian growth]
  4335 | D:4      | Found Oquclosm's Jewellery Shop.
  4426 | D:5      | Entered Level 5 of the Dungeon
  4655 | D:5      | Noticed Britaniac's ghost (novice GrFi)
  4847 | D:5      | Found Kaclogi's Magic Scroll Shop.
  4857 | D:5      | Reached skill level 5 in Polearms
  4885 | D:5      | Found a glowing golden altar of the Shining One.
  4913 | D:5      | Reached skill level 8 in Summonings
  5051 | D:5      | Bought a scroll of random uselessness for 13 gold pieces
  5210 | D:5      | Found a staircase to the Ecumenical Temple.
  5259 | Temple   | Entered the Ecumenical Temple
  5310 | Temple   | Became a worshipper of Ashenzari the Shackled
  5433 | D:5      | Killed Britaniac's ghost
  5433 | D:5      | Reached XP level 8. HP: 55/57 MP: 8/11
  6039 | D:5      | Slain by an orc warrior

Skill      XL: |  1  2  3  4  5  6  7 |
---------------+----------------------+-----
Summonings     | 5 6 7 8 |  8.7
Polearms       | 1 2 3 6 |  6.2
Dodging        | |  1.7
Stealth        | |  1.7
Spellcasting   | |  2.0

Action                   |  1- 3 |  4- 6 |  7- 9 || total
-------------------------+-------+-------+-------++-------
Melee: Unarmed           |    65 |       |       ||    65
       Tailslap          |    10 |     9 |     7 ||    26
       Flail             |    33 |     3 |       ||    36
       Halberd           |       |   159 |   111 ||   270
 Cast: Summon Small Mamm |    18 |     5 |     4 ||    27
       Call Imp          |    11 |    23 |    16 ||    50
       Call Canine Famil |     1 |    13 |    10 ||    24
Invok: Curse Item        |       |       |     2 ||     2
 Abil: Breathe Fire      |       |       |     1 ||     1
  Use: Scroll            |       |     6 |       ||     6
 Stab: Sleeping          |     1 |     1 |       ||     2
       Distracted        |       |     2 |     4 ||     6
  Eat: Chunk             |     3 |    11 |     7 ||    21
       Beef jerky        |       |     1 |       ||     1
       Fruit             |       |       |     1 ||     1
Armor: Skin              |    21 |    44 |    22 ||    87
Dodge: Dodged            |    53 |    80 |    56 ||   189
